 Dungeon Crawl Stone Soup version 0.22-a0-482-g76e0a5f (webtiles) character file.

25564 suvakkihuora the Basher (level 12, -6/118 HPs)
             Began as a Minotaur Assassin on June 17, 2018.
             Was a Priest of Fedhas.
             Mangled by Rupert
             ... wielding a +1 battleaxe of electrocution
              (12 damage)
             ... on level 12 of the Dungeon.
             The game lasted 00:28:47 (12005 turns).

suvakkihuora the Basher (Minotaur Assassin)        Turns: 12005, Time: 00:28:48

Health: -6/118     AC: 20    Str: 19    XL:     12   Next: 90%
Magic:  22/22      EV: 16    Int:  9    God:    Fedhas [***...]
Gold:   750        SH:  0    Dex: 13    Spells: 11/11 levels left

rFire    . . .     SeeInvis .   y - +2 flail (protect)
rCold    . . .     Gourm    .   (no shield)
rNeg     . . .     Faith    .   V - +0 chain mail of the Gate {rElec MP+9}
rPois    +         Spirit   .   (helmet restricted)
rElec    +         Reflect  .   I - +0 cloak
rCorr    .         Harm     .   (no gloves)
MR       +....                  (no boots)
Stlth    ..........             w - amulet of the acrobat
HPRegen  0.29/turn              a - ring of Broken Luck {rPois MR+}
MPRegen  0.18/turn              J - +4 ring of evasion

@: silence, protection aura, studying Evocations
A: retaliatory headbutt, horns 2
a: Renounce Religion


You were on level 12 of the Dungeon.
You worshipped Fedhas.
Fedhas was most pleased with you.
You were not hungry.

You visited 1 branch of the dungeon, and saw 12 of its levels.
You also visited: Labyrinth and Bailey.

You collected 750 gold pieces.

Inventory:

Hand Weapons
 b - a +0 blowgun
 y - a +2 flail of protection (weapon)
Missiles
 e - 34 poisoned needles
 f - a curare-tipped needle
 B - a throwing net
 O - 18 poisoned javelins (quivered)
Armour
 i - a +1 scale mail of cold resistance
 I - a +0 cloak (worn)
 V - the +0 chain mail of the Gate (worn) {rElec MP+9}
   (You found it in a labyrinth)

   It insulates you from electricity.
   It affects your magic capacity (+9).
Jewellery
 a - the ring of Broken Luck (left hand) {rPois MR+}
   (You took it off a minotaur in a labyrinth)

   [ring of poison resistance]

   It protects you from poison.
   It affects your resistance to hostile enchantments.
 d - an uncursed amulet of regeneration {unknown}
 w - an amulet of the acrobat (around neck)
 x - a cursed amulet of inaccuracy {unknown}
 E - an uncursed ring of protection from cold
 F - an uncursed ring of protection from fire
 H - an uncursed ring of protection from fire
 J - a +4 ring of evasion (right hand)
 M - an uncursed amulet of rage {unknown}
 U - an uncursed ring of wizardry
Wands
 n - a wand of flame (51)
 C - a wand of paralysis (11)
 G - a wand of enslavement (6)
 R - a wand of disintegration (13)
Scrolls
 h - 2 scrolls of noise {unknown}
 l - a scroll of magic mapping
 m - a scroll of immolation
 o - 3 scrolls of amnesia
 p - 4 scrolls of remove curse
 q - 3 scrolls of fear
 t - 4 scrolls of teleportation
 u - 3 scrolls of torment
 v - 3 scrolls of enchant weapon
 L - 2 scrolls of enchant armour
Potions
 c - 2 potions of curing
 j - a potion of mutation
 k - a potion of might
 r - 2 potions of resistance
 s - 3 potions of lignification
 z - a potion of brilliance
 A - a potion of heal wounds
 D - a potion of cancellation
 K - a potion of agility
Books
 T - a manual of Evocations
Comestibles
 g - 15 rations


   Skills:
 * Level 14.6 Fighting
   Level 2.1 Short Blades
 - Level 14.7 Maces & Flails
 - Level 2.0 Throwing
 * Level 10.6 Armour
 - Level 8.3 Dodging
 - Level 3.2 Stealth
 * Level 2.7 Evocations


You had 11 spell levels left.
You didn't know any spells.
Your spell library contained the following spells:

 Spells                   Type           Power        Failure   Level  Hunger
 Magic Dart               Conj           #...         97%         1    ##.....
 Conjure Flame            Conj/Fire      #.......     100%        3    ####...
 Slow                     Hex            #.......     99%         2    ###....
 Mephitic Cloud           Conj/Pois/Air  #.......     100%        3    ####...
 Blink                    Tloc           N/A          99%         2    ###....
 Call Imp                 Summ           #.......     99%         2    ###....
 Regeneration             Chrm/Necr      #.........   100%        3    ####...
 Shroud of Golubria       Chrm/Tloc      #.........   99%         2    ###....
 Infusion                 Chrm           #...         97%         1    ##.....
 Song of Slaying          Chrm           #.......     99%         2    ###....
 Spectral Weapon          Hex/Chrm       #.......     100%        3    ####...


Dungeon Overview and Level Annotations

Branches:
Dungeon (12/15)            Temple (0/1) D:5            Lair (0/6) D:8
    Orc (0/2) D:9

Altars:
Cheibriados
Elyvilon
Fedhas
Makhleb
Qazlal
Xom
Zin
The Shining One
Beogh

Annotations:
D:12 Rupert


Innate Abilities, Weirdness & Mutations

You reflexively headbutt those who attack you in melee.
You have a pair of horns on your head.


Message History

The scorpion barely misses you. The crimson imp closely misses you.
You furiously retaliate!
You headbutt the crimson imp! You hit Rupert but do no damage.
Your headbutt misses Rupert.
Rupert is moderately wounded.
You closely miss Rupert.
Rupert is moderately wounded.
Rupert hits you but does no damage. The scorpion completely misses you.
You furiously retaliate!
You headbutt the scorpion!!
You kill the scorpion!
The crimson imp hits you but does no damage.
You sock Rupert! Your headbutt misses Rupert.
Rupert is heavily wounded.
Rupert hits you with a battleaxe of electrocution!!
* * * LOW HITPOINT WARNING * * *
The crimson imp hits you but does no damage.
You hit Rupert but do no damage.
Rupert is heavily wounded.
Rupert hits you with a battleaxe of electrocution!
You die...
Fedhas appreciates your contribution to the ecosystem.

≈*,,,*,,,,,,,*,,,,,,,,***,**,*,**
**,,,*,,,,,,,#....#,,,,,,,,,,,,*
,,>,,*,,,,,,,#.....,,,,,,,,******
,,,,,*,,,,,,,#....#*,,,,,***,*,,,
,,,,,*****####....##,,,,**,,**,*,
,,,,,,,,,,,........,,,,**,,,*,,,,
,*****,,,,,,,.....#**,,*,,,**,**,
,*,,,*,,,,****#†@.# *,#*,,,*,,**,
,*,,,*,,,,* #.@5###.#,,,,*,,,,,
,*,,,*,,,,* #.......#,,,,*,***,
,*,,,#....* #....##.#,,,**,* *,
,*,,,+....* #....##.#..,*..##*,
,*****....#####..........##....,.
,,,,,,,.............#...##...#*..
,******+#.............###....##..
,*,,,,,,+.........#####.........#
,*,,,,,,#........................


You could see Rupert (berserk) and a crimson imp.

Vanquished Creatures
  Snorg (D:11)
  A minotaur (Lab)
  Erolcha (D:9)
  Josephine (D:11)
  A death knight (D:12)
  Erica (D:8)
  2 two-headed ogres
  Urug (D:10)
  3 unseen horrors
  A cyclops (D:11)
  A manticore (D:12)
  A gargoyle (D:11)
  2 trolls (D:9)
  Prince Ribbit (D:6)
  3 hippogriffs
  4 wraiths (D:11)
  A yak (D:9)
  3 hogs (D:9)
  A vampire (D:12)
  A human (D:9)
  10 killer bees
  3 hungry ghosts
  Menkaure (D:5)
  10 orc warriors
  A sky beast (D:7)
  2 ice beasts
  2 phantoms
  5 ogres
  A necrophage (D:9)
  2 centaurs
  2 big kobolds (D:4)
  8 bullfrogs
  4 scorpions
  9 howler monkeys
  6 crimson imps
  2 quasits
  A bullfrog zombie (D:12)
  4 hounds
  2 centaur skeletons
  2 jellies
  9 orc wizards
  A bullfrog skeleton (D:4)
  12 orc priests
  Crazy Yiuf (D:6)
  2 iguanas
  3 worker ants
  A hound zombie (D:8)
  A hound skeleton (D:8)
  3 gnolls (D:7)
  2 river rats (D:7)
  10 adders
  2 oozes
  2 adder skeletons (D:8)
  2 worms
  2 dart slugs (D:1)
  3 leopard geckos
  51 orcs
  8 giant cockroaches
  10 hobgoblins
  3 jackals (D:2)
  14 kobolds
  6 quokkas
  A ball python (D:4)
  9 bats
  6 frilled lizards
  5 goblins
  A leopard gecko skeleton (D:4)
  A quokka skeleton (D:5)
  10 rats
289 creatures vanquished.

Vanquished Creatures (collateral kills)
  An orc knight (Bailey)
  2 orc warriors (Bailey)
  2 killer bees (D:6)
  2 orc wizards
  An orc priest (D:7)
  A river rat (D:7)
  An orc (D:7)
10 creatures vanquished.

Vanquished Creatures (others)
  2 wandering mushrooms
  2 killer bees
  A plant (D:7)
  113 toadstools
118 creatures vanquished.

Grand Total: 417 creatures vanquished

Notes
Turn   | Place    | Note
-------+----------+-------------------------------------------
     0 | D:1      | suvakkihuora the Minotaur Assassin began the quest for the Orb.
     0 | D:1      | Reached XP level 1. HP: 18/18 MP: 0/0
   142 | D:1      | Reached XP level 2. HP: 26/26 MP: 1/1
   514 | D:1      | Reached XP level 3. HP: 33/33 MP: 2/2
  1055 | D:2      | Reached skill level 5 in Fighting
  1097 | D:2      | Reached XP level 4. HP: 13/42 MP: 3/3
  2119 | D:3      | Found a faded altar of an unknown god.
  2170 | D:3      | Became a worshipper of Fedhas Madash
  2170 | D:3      | Reached * piety under Fedhas
  2533 | D:3      | Reached XP level 5. HP: 28/51 MP: 4/4
  2960 | D:4      | Noticed an ogre
  2972 | D:4      | Killed an ogre
  3179 | D:4      | Found a shimmering altar of Xom.
  3204 | D:4      | Reached XP level 6. HP: 46/58 MP: 5/5
  3302 | D:4      | Noticed an orc warrior
  3339 | D:4      | Killed an orc warrior
  3339 | D:4      | Reached skill level 5 in Maces & Flails
  3413 | D:4      | Reached XP level 7. HP: 40/64 MP: 6/6
  3786 | D:4      | Found a glowing golden altar of the Shining One.
  4132 | D:5      | Entered Level 5 of the Dungeon
  4221 | D:5      | Noticed Menkaure
  4351 | D:5      | Found a staircase to the Ecumenical Temple.
  4365 | D:4      | Reached XP level 8. HP: 71/71 MP: 7/7
  4693 | D:5      | Killed Menkaure
  4693 | D:5      | Reached skill level 10 in Maces & Flails
  4925 | D:6      | Noticed Prince Ribbit
  4945 | D:6      | Killed Prince Ribbit
  4998 | D:6      | Found a white marble altar of Elyvilon.
  5207 | D:6      | Found a runed door.
  5211 | D:6      | Noticed Crazy Yiuf
  5215 | D:6      | Killed Crazy Yiuf
  5690 | D:6      | Reached XP level 9. HP: 80/80 MP: 8/8
  5854 | D:7      | Noticed a two-headed ogre
  5864 | D:7      | Killed a two-headed ogre
  5870 | D:7      | Reached skill level 5 in Dodging
  6631 | D:8      | Found a staircase to the Lair.
  6674 | D:8      | Noticed Erica
  6692 | D:8      | Killed Erica
  6692 | D:8      | Reached XP level 10. HP: 93/93 MP: 9/9
  6739 | D:8      | Found a burning altar of Makhleb.
  6739 | D:8      | Noticed an Executioner
  6792 | D:8      | Noticed a two-headed ogre
  6799 | D:8      | Killed a two-headed ogre
  6799 | D:8      | Reached skill level 10 in Fighting
  6812 | D:8      | Found a snail-covered altar of Cheibriados.
  6813 | D:8      | Found a stormy altar of Qazlal.
  6920 | D:8      | Reached ** piety under Fedhas
  7390 | D:9      | Found a flagged portal.
  7395 | Bailey   | Entered a bailey
  7797 | Bailey   | Noticed an orc knight
  7816 | Bailey   | Killed an orc knight
  7977 | D:9      | Reached skill level 1 in Armour
  7999 | D:9      | Noticed Erolcha
  8013 | D:9      | Killed Erolcha
  8013 | D:9      | Reached XP level 11. HP: 47/102 MP: 10/10
  8017 | D:9      | Reached XP level 12. HP: 52/115 MP: 11/11
  8363 | D:9      | Found a staircase to the Orcish Mines.
  8373 | D:9      | Reached *** piety under Fedhas
  8395 | D:9      | Found a roughly hewn altar of Beogh.
  8515 | D:9      | Found a glowing silver altar of Zin.
  8535 | D:9      | Found a burning altar of Makhleb.
  8536 | D:9      | Noticed an angel
  8537 | D:9      | Noticed a blizzard demon
  8672 | D:10     | Entered Level 10 of the Dungeon
  8798 | D:10     | Noticed Urug
  8813 | D:10     | Killed Urug
  9427 | D:11     | Noticed Josephine
  9440 | D:11     | Killed Josephine
  9789 | D:11     | Noticed Snorg
  9807 | D:11     | Killed Snorg
 11088 | D:12     | Found a labyrinth entrance.
 11097 | Lab      | Entered a labyrinth
 11486 | Lab      | Noticed a minotaur
 11499 | Lab      | Killed a minotaur
 11499 | Lab      | Reached skill level 10 in Armour
 11501 | Lab      | Got a twitching tin ring
 11511 | Lab      | Identified the ring of Broken Luck {rPois MR+} (You took it off a minotaur in a labyrinth)
 11521 | Lab      | Got a spiked chain mail
 11532 | Lab      | Identified the cursed +0 chain mail of the Gate {rElec MP+9} (You found it in a labyrinth)
 11630 | D:12     | Noticed a death knight
 11664 | D:12     | Killed a death knight
 11700 | D:12     | Reached skill level 1 in Evocations
 11983 | D:12     | Noticed Rupert
 12005 | D:12     | Mangled by Rupert

Vault maps used:
D:1:      scummos_arrival_simple_fountains, item_on_display_b
D:2:      cheibrodos_old_hovel, grunt_ministairs_3
D:3:      chequers_ecumenical_altar_island, serial_co_window_serial,
          co_window_cross_1, co_window_of_opportunity_a, co_window_corner_a,
          co_window_cross_1, co_window_paths_a, co_window_cross_1,
          co_window_paths_a, co_window_corner_cb, co_window_2corner,
          co_window_unsneaky_path_d, co_window_2corner, co_window_sun,
          glass_columns_a
D:4:      cheibrodos_thug_alley, lemuel_doored_altar,
          nicolae_overflow_crystal_walls, first_ration, kennysheep_windowed_goal
D:5:      temple_fountains, uniq_menkaure
D:6:      serial_park_tiny_2, elyvilon_altar_5, uniq_prince_ribbit1,
          uniq_crazy_yiuf_cottage
D:7:      wad_woods_settlement
D:8:      minitemple, dpeg_oklobed_lair, makhleb_altar_promises_db, uniq_erica
D:9:      grunt_temple_overflow_order_and_chaos_2,
          minmay_orc_entry_temple_small, enter_bailey_2, grunt_livestock,
          uniq_erolcha
D:10:     uniq_urug
D:11:     uniq_josephine, uniq_snorg
D:12:     minmay_swirls_squares, lab_entry_generic,
          nicolae_qazlal_style_of_elements, uniq_nergalle, uniq_rupert
Lab:      labyrinth_watery, labyrinth_skeletal_remains
Bailey:   bailey_polearm_2, bailey

Skill      XL: |  1  2  3  4  5  6  7  8  9 10 11 12 |
---------------+-------------------------------------+-----
Fighting       | 3 4 5 6 7 9 11 13 14 | 14.6
Maces & Flails | 3 6 9 11 12 13 14 | 14.7
Dodging        | 3 6 8 |  8.3
Armour         | 2 8 10 | 10.6
Evocations     | 2 |  2.7
Short Blades   | |  2.1
Throwing       | |  2.0
Stealth        | |  3.2

Action                   |  1- 3 |  4- 6 |  7- 9 | 10-12 || total
-------------------------+-------+-------+-------+-------++-------
Melee: Dagger            |   108 |    98 |       |       ||   206
       Headbutt          |    10 |    31 |    36 |   114 ||   191
       Flail             |       |    62 |   231 |   521 ||   814
 Fire: Blowgun           |     7 |     6 |     5 |       ||    18
Invok: Fungal Bloom      |       |     3 |     8 |    22 ||    33
       Evolution         |       |     1 |     1 |     1 ||     3
Evoke: Wand              |       |       |     5 |     8 ||    13
  Use: Potion            |       |     1 |       |     8 ||     9
       Scroll            |       |     4 |     6 |    14 ||    24
 Stab: Sleeping          |     3 |     1 |       |     2 ||     6
       Paralysed         |       |       |     2 |     7 ||     9
  Eat: Chunk             |       |     7 |     6 |    13 ||    26
       Ration            |       |       |     3 |     2 ||     5
Armor: Ring mail         |    51 |    61 |    91 |    34 ||   237
       Robe              |     3 |       |       |       ||     3
       Scale mail        |       |       |       |    92 ||    92
       Chain mail        |       |       |       |    33 ||    33
Dodge: Dodged            |    63 |   106 |   129 |   371 ||   669

Table legend:
 A = Spawn XP
 B = Non-spawn XP
 C = Spawn XP percentage of total XP
 D = Spawn monster count
 E = Non-spawn monster count
 F = Spawn count percentage of total count
 G = Total turns spent on level
                    A         B        C        D         E        F      G
               +---------+---------+-------+---------+---------+-------+---------
         Total |       0 |   25318 |   0.0 |       0 |     299 |   0.0 | 12005
               +---------+---------+-------+---------+---------+-------+---------
           D:1 |       0 |      51 |   0.0 |       0 |      26 |   0.0 |   997
           D:2 |       0 |     106 |   0.0 |       0 |      30 |   0.0 |   999
           D:3 |       0 |      70 |   0.0 |       0 |      15 |   0.0 |   964
           D:4 |       0 |    1044 |   0.0 |       0 |      33 |   0.0 |  1328
           D:5 |       0 |     644 |   0.0 |       0 |      12 |   0.0 |   602
           D:6 |       0 |     920 |   0.0 |       0 |      15 |   0.0 |   898
           D:7 |       0 |    2148 |   0.0 |       0 |      25 |   0.0 |   666
           D:8 |       0 |    2934 |   0.0 |       0 |      22 |   0.0 |   923
           D:9 |       0 |    4331 |   0.0 |       0 |      55 |   0.0 |   805
          D:10 |       0 |    1200 |   0.0 |       0 |       8 |   0.0 |   713
          D:11 |       0 |    6149 |   0.0 |       0 |      25 |   0.0 |  1689
          D:12 |       0 |    3145 |   0.0 |       0 |      14 |   0.0 |   458
           Lab |       0 |    1162 |   0.0 |       0 |       1 |   0.0 |   473
        Bailey |       0 |    1414 |   0.0 |       0 |      18 |   0.0 |   490
               +---------+---------+-------+---------+---------+-------+---------
